cohdb
Replays
Latest Replays
All Replays
Popular Replays
Top Player Replays
Match Explorer
How It Works
Community
CoH3 Stats
Reddit
Sign in to upload your games and track your stats! →
Sign in with Steam
Match 44438211
Unlisted
Match 44438211
Overview
Messages
Build Orders
End
Royal Engineer Section
Vickers Machine Gun Team
Selects Canadian Shock Battlegroup
Vickers Machine Gun Team
Construct Field Infirmary
Selects Attacking Spirit
Selects Canadian Shock Section
Canadian Shock Section
Canadian Shock Section
Selects Incendiary Munitions
Vickers Machine Gun Team
Selects Pyrotechnics
Construct Section Command Post
Construct Platoon Command Post
Humber Armored Car
Selects Smoke Operation
Canadian Shock Section
Selects Demolition Engineering
6-pounder Anti-tank Gun Team
Smoke Operation
VHSmonster
咚咚锵个腿
0
0
Comments
sign in to comment!
No comments posted yet!